 Dungeon Crawl Stone Soup version 0.26-a0-154-g3d63440f56 (webtiles) character file.

Game seed: 17135273256785810089

6135 MrRokkomies the Photosynthesist (level 11, -21/71 HPs)
             Began as a Kobold Hunter on July 1, 2020.
             Was an Elder of Fedhas.
             Demolished by a white ugly thing (32 damage)
             ... in an ice cave.
             The game lasted 00:34:58 (10797 turns).

MrRokkomies the Photosynthesist (Kobold Hunter)    Turns: 10797, Time: 00:35:00

Health: -21/71     AC:  6    Str: 12    XL:     11   Next: 13%
Magic:  0/18       EV: 18    Int: 13    God:    Fedhas [****..]
Gold:   546        SH:  0    Dex: 16    Spells: 10/10 levels left

rFire    + . .     SeeInvis .   u - +2 arbalest (flame)
rCold    . . .     Faith    .   (shield currently unavailable)
rNeg     . . .     Spirit   +   i - +0 ring mail {rF+}
rPois    .         Reflect  .   s - +0 helmet
rElec    .         Harm     .   (no cloak)
rCorr    .                      (no gloves)
MR       .....                  (no boots)
Stlth    ++........             l - amulet of guardian spirit
HPRegen  0.21/turn              (no ring)
MPRegen  0.16/turn              (no ring)

@: no status effects
A: small, carnivore
a: Wall of Briars, Grow Ballistomycete, Overgrow, Renounce Religion


You were in an ice cave.
You worshipped Fedhas.
Fedhas was greatly pleased with you.
You were very full.

You visited 2 branches of the dungeon, and saw 10 of its levels.
You also visited: Ossuary, Bailey and Ice Cave.

You collected 546 gold pieces.

Inventory:

Hand Weapons
 a - a +2 hand crossbow of venom
 b - a +2 dagger of electrocution
 u - a +2 arbalest of flaming (weapon)
 w - a +2 whip of holy wrath
Missiles
 d - 98 bolts (quivered)
 o - 50 poisoned darts
Armour
 c - a +0 leather armour
 e - a +0 ring mail
 h - a +0 cloak
 i - a +0 ring mail of fire resistance (worn)
 s - a +0 helmet (worn)
Jewellery
 l - an amulet of guardian spirit (around neck)
Wands
 v - a wand of polymorph (4)
Scrolls
 g - a scroll of teleportation
 j - 2 scrolls of identify
 p - 3 scrolls of remove curse
 r - 2 scrolls of magic mapping
Potions
 k - 5 potions of brilliance
 m - 5 potions of curing
 n - 4 potions of stabbing
 q - 3 potions of heal wounds
 t - 2 potions of magic
 z - 4 potions of lignification
 A - 3 potions of mutation
Miscellaneous
 x - a phantom mirror
Comestibles
 f - 18 rations


   Skills:
 * Level 9.0 Fighting
 + Level 10.1 Crossbows
 + Level 8.6 Dodging
 - Level 3.0 Stealth
 * Level 10.2 Invocations


You had 10 spell levels left.
You didn't know any spells.
Your spell library contained the following spells:

 Spells                   Type           Power        Failure   Level  Hunger
 Animate Skeleton         Necr           N/A          56%         1    ##.....
 Pain                     Necr           #...         56%         1    ##.....
 Vampiric Draining        Necr           #.........   91%         3    ####...
 Animate Dead             Necr           N/A          100%        4    #####..
 Agony                    Necr           #.......     100%        5    ######.


Dungeon Overview and Level Annotations

Branches:
Dungeon (9/15)             Temple (0/1) D:6            Lair (1/6) D:8
Ossuary (visited)          Bailey (visited)           IceCv (1/1)
    Orc: D:9-12

Altars:
Dithmenos
Fedhas
Hepliaklqana
Sif Muna
Wu Jian
Xom
Yredelemnul

Shops:
D:8 %

Annotations:
D:2 Crazy Yiuf
Lair:1 Sonja IceCv 1 transporter, exclusion: 2 ice statues


Innate Abilities, Weirdness & Mutations

You are small and have problems with some larger weapons.
You are carnivorous and can eat meat at any time.


Message History

Aim: an ice statue (freezing vapour, lightly damaged)
You shoot a bolt.
The bolt hits the ice statue but does no damage.
The ice statue is lightly damaged.
You are engulfed in freezing vapours.
* * * LOW HITPOINT WARNING * * *
Your briar patch is engulfed in freezing vapours. x5
The ice statue gestures at you.
The bolt of cold hits your briar patch!!
Your briar patch is destroyed!
The bolt of cold misses you.
A ballistomycete spore comes into view.
You feel much better.
You are engulfed in freezing vapours.
Your briar patch is engulfed in freezing vapours. x4
The white ugly thing is engulfed in freezing vapours.
The white ugly thing engulfs you!
* * * LOW HITPOINT WARNING * * *
The white ugly thing freezes you!!
You die...
Fedhas appreciates your contribution to the ecosystem.

##########
##...!©)...
#...8.:.8..
##....?./...
#..**.§[....
#.P°○8...8..
#..PPP......
#.P@u......
#.PPP......
#.....©....
##.........
##...\...#
##.....##
######


You could see 2 ice statues, a white ugly thing, a friendly ballistomycete
(summoned) and 2 friendly ballistomycete spores.

Vanquished Creatures
  A two-headed ogre (D:8)
  Maggie (D:7)
  Grinder (D:5)
  A hornet (D:9)
  2 wyverns (D:8)
  2 hungry ghosts (D:7)
  A steam dragon (D:8)
  Duvessa (D:5)
  2 ice beasts
  A sky beast (D:8)
  6 orc warriors (Bailey)
  A black bear (D:9)
  3 ogres
  2 phantoms
  2 crocodiles (D:8)
  Blork the orc (D:5)
  6 bullfrogs
  A scorpion (D:7)
  Dowan (D:5)
  A howler monkey (D:4)
  3 centaur zombies
  4 crimson imps
  A human zombie (Ossuary)
  10 orc wizards
  2 centaur skeletons
  2 jellies
  5 hounds
  4 orc priests
  A bullfrog skeleton (D:5)
  3 iguanas
  10 worker ants
  A big kobold zombie (Ossuary)
  A hound skeleton (D:4)
  3 mummies (Ossuary)
  10 gnolls
  A howler monkey zombie (D:5)
  11 adders
  2 shadow imps (D:7)
  An ooze (D:7)
  An adder skeleton (D:5)
  2 worms
  A dart slug (D:3)
  6 leopard geckos
  28 orcs
  6 bats
  3 giant cockroaches
  A gnoll zombie (Ossuary)
  13 goblins
  7 hobgoblins
  14 jackals
  28 kobolds
  2 quokkas
  2 ball pythons
  5 frilled lizards
  A goblin zombie (Ossuary)
  A hobgoblin zombie (Ossuary)
  A kobold zombie (Ossuary)
  2 leopard gecko skeletons
  An orc zombie (Ossuary)
  9 rats
246 creatures vanquished.

Vanquished Creatures (collateral kills)
  An ice beast (IceCv)
  An orc (D:8)
  3 ballistomycete spores (D:7)
5 creatures vanquished.

Grand Total: 251 creatures vanquished

Notes
Turn   | Place    | Note
-------+----------+-------------------------------------------
     0 | D:1      | MrRokkomies the Kobold Hunter began the quest for the Orb.
     0 | D:1      | Reached XP level 1. HP: 12/12 MP: 1/1
    91 | D:1      | Reached skill level 5 in Crossbows
    91 | D:1      | Reached XP level 2. HP: 18/18 MP: 2/2
   578 | D:1      | Reached XP level 3. HP: 22/22 MP: 3/3
  1561 | D:2      | Reached XP level 4. HP: 28/28 MP: 4/4
  1711 | D:2      | Found a runed translucent door.
  1712 | D:2      | Noticed Crazy Yiuf
  2429 | D:3      | Found a blossoming altar of Fedhas.
  2543 | D:3      | Reached XP level 5. HP: 26/32 MP: 5/5
  2773 | D:3      | Became a worshipper of Fedhas Madash
  2954 | D:3      | Reached skill level 1 in Invocations
  3536 | D:4      | Reached XP level 6. HP: 34/38 MP: 4/7
  3653 | D:4      | Reached * piety under Fedhas
  3833 | D:4      | Reached XP level 7. HP: 8/43 MP: 9/9
  4189 | D:4      | Found a basalt altar of Yredelemnul.
  4191 | D:4      | Found a shimmering altar of Xom.
  4191 | D:4      | Found a hazy altar of Hepliaklqana.
  4191 | D:4      | Found a blossoming altar of Fedhas.
  4653 | D:5      | Entered Level 5 of the Dungeon
  4799 | D:5      | Found a shimmering blue altar of Sif Muna.
  4801 | D:5      | Noticed Blork the orc
  4809 | D:5      | Reached XP level 8. HP: 46/48 MP: 9/11
  4978 | D:5      | Noticed Dowan
  5000 | D:5      | Killed Dowan
  5000 | D:5      | Reached ** piety under Fedhas
  5029 | D:5      | Noticed Grinder
  5033 | D:5      | Paralysed by Grinder for 2 turns
  5042 | D:5      | Paralysed by Grinder for 3 turns
  5051 | D:5      | Killed Grinder
  5051 | D:5      | Reached skill level 5 in Fighting
  5051 | D:5      | Reached skill level 5 in Dodging
  5051 | D:5      | Reached skill level 5 in Invocations
  5292 | D:5      | Killed Blork the orc
  5325 | D:5      | Noticed Duvessa
  5328 | D:5      | Killed Duvessa
  5698 | D:5      | Reached XP level 9. HP: 47/54 MP: 11/13
  5973 | D:6      | Found a sand-covered staircase.
  5994 | Ossuary  | Entered an ossuary
  6523 | D:6      | Found a staircase to the Ecumenical Temple.
  6668 | D:6      | Reached *** piety under Fedhas
  6754 | D:6      | Found a shadowy altar of Dithmenos.
  6759 | D:6      | Found an ornate altar of the Wu Jian Council.
  7209 | D:7      | Noticed Maggie
  7269 | D:7      | Found a flagged portal.
  7293 | Bailey   | Entered a bailey
  7451 | Bailey   | Reached skill level 10 in Crossbows
  7462 | Bailey   | Reached XP level 10. HP: 47/61 MP: 12/15
  7884 | D:7      | Reached **** piety under Fedhas
  7960 | D:7      | Killed Maggie
  8704 | D:8      | Noticed a two-headed ogre
  8719 | D:8      | Killed a two-headed ogre
  9329 | D:8      | Found Ahaz's Food Shoppe.
  9733 | D:8      | Found a staircase to the Lair.
 10244 | D:9      | Reached skill level 10 in Invocations
 10244 | D:9      | Reached XP level 11. HP: 42/69 MP: 12/18
 10374 | D:9      | Identified a scroll of acquirement
 10754 | Lair:1   | Entered Level 1 of the Lair of Beasts
 10754 | Lair:1   | Noticed Sonja
 10765 | Lair:1   | Found a frozen archway.
 10781 | IceCv    | Entered an ice cave
 10781 | IceCv    | Noticed a white ugly thing
 10792 | IceCv    | Found a transporter.
 10793 | IceCv    | Noticed a white ugly thing
 10797 | IceCv    | Demolished by a white ugly thing

Illustrated notes

Levels and vault maps discovered:
D:1:      psy_arrival_conway, layout_basic
D:2:      layout_rooms, serial_glass, glass_columns_b, glass_columns_a,
          glass_columns_a, glass_columns_b, glass_columns_c,
          minmay_strange_pillars, feat_on_display, first_ration,
          uniq_crazy_yiuf_cottage
D:3:      layout_rooms, fedhas_ov_isle_minmay
D:4:      layout_cave_pools, grunt_temple_overflow_open,
          chequers_serial_rivers_large_a
D:5:      layout_rooms, basic_altar, uniq_blork_the_orc, uniq_grinder,
          uniq_duvessa
D:6:      layout_cave_pools, nicolae_overflow_hidden_temple,
          minmay_temple_entry_stoned_glass, nicolae_ossuary_entry_monument
D:7:      layout_basic, enter_bailey_2, uniq_maggie
D:8:      layout_loops_ring, erik_lair_dragon, serial_shops, shop
D:9:      layout_layer_cave, serial_shops, shop, gammafunk_ghost_hydra_chop,
          nemelex_spade_bored_becter, uniq_psyche, uniq_maurice
Lair:1:   layout_long_grid, portal_ice_cave_entry_pillars_2, kennysheep_rathole,
          uniq_sonja
IceCv:    ice_cave_statue_garden_transporter

Skill      XL: |  1  2  3  4  5  6  7  8  9 10 11 |
---------------+----------------------------------+-----
Crossbows      | 5 6 7 8 10 | 10.1
Stealth        | 2 3 |  3.0
Fighting       | 3 4 5 6 8 9 |  9.0
Dodging        | 3 4 5 6 8 |  8.6
Invocations    | 1 2 4 5 7 10 | 10.2

Action                   |  1- 3 |  4- 6 |  7- 9 | 10-12 || total
-------------------------+-------+-------+-------+-------++-------
Melee: Short sword       |    19 |       |       |       ||    19
       Dagger            |       |   146 |   230 |   250 ||   626
 Fire: Hand crossbow     |    63 |    31 |   136 |    77 ||   307
       Arbalest          |       |       |       |    15 ||    15
Throw: Dart              |       |     1 |       |       ||     1
Invok: Wall of Briars    |       |       |       |     3 ||     3
       Grow Ballistomyce |       |       |       |     2 ||     2
Evoke: Wand              |       |       |     9 |     1 ||    10
  Use: Scroll            |     5 |     6 |    10 |     6 ||    27
       Potion            |       |     1 |     4 |     4 ||     9
 Stab: Sleeping          |       |     2 |     4 |       ||     6
       Distracted        |       |       |     1 |       ||     1
  Eat: Chunk             |    10 |     8 |    15 |    22 ||    55
Armor: Ring mail         |    14 |    48 |    50 |    57 ||   169
       Skin              |       |       |     9 |       ||     9
Dodge: Dodged            |    31 |   137 |   209 |   267 ||   644

Table legend:
 A = Non-vault XP
 B = Vault XP
 C = Vault XP percentage of total XP
 D = Non-vault monster count
 E = Vault monster count
 F = Vault count percentage of total count
                 A         B        C        D         E       F
            +---------+---------+-------+---------+---------+-------
      Total |    6111 |    2654 |  30.3 |     194 |      54 |  21.8
            +---------+---------+-------+---------+---------+-------
        D:1 |      34 |       0 |   0.0 |      23 |       0 |   0.0
        D:2 |      57 |       0 |   0.0 |      18 |       0 |   0.0
        D:3 |     125 |       0 |   0.0 |      30 |       0 |   0.0
        D:4 |     628 |       0 |   0.0 |      26 |       0 |   0.0
        D:5 |     679 |     595 |  46.7 |      30 |       4 |  11.8
        D:6 |     285 |       0 |   0.0 |      10 |       0 |   0.0
        D:7 |    1274 |     385 |  23.2 |      25 |       1 |   3.8
        D:8 |    1857 |     590 |  24.1 |      23 |       5 |  17.9
        D:9 |    1172 |       0 |   0.0 |       9 |       0 |   0.0
    Ossuary |       0 |     180 | 100.0 |       0 |      11 | 100.0
     Bailey |       0 |     837 | 100.0 |       0 |      32 | 100.0
      IceCv |       0 |      67 | 100.0 |       0 |       1 | 100.0
            +---------+---------+-------+---------+---------+-------
